 Dungeon Crawl Stone Soup version 0.31.0-11-ge490571c62 (webtiles) character file.

Game seed: 730992330635106152

5180 inmateoo the Cleaver (level 10, 0/135 HPs)
             Began as a Minotaur Fighter on Jan 26, 2024.
             Was a Believer of the Shining One.
             Slain by a basilisk (10 damage)
             ... on level 8 of the Dungeon.
             The game lasted 00:06:32 (6792 turns).

inmateoo the Cleaver (Minotaur Fighter)             Turns: 6792, Time: 00:06:32

Health: 0/135      AC: 12    Str: 19    XL:     10   Next: 34%
Magic:  18/18      EV: 11    Int:  5    God:    the Shining One [**....]
Gold:   1374       SH:  6    Dex: 11    Spells: 9/9 levels left

rFire   . . .        a - +0 war axe
rCold   . . .        c - +0 buckler
rNeg    + . .        b - +0 scale mail
rPois   .            (helmet restricted)
rElec   .            i - +1 cloak
rCorr   .            (no gloves)
SInv    +            k - +0 pair of boots
Will    +....        n - amulet of magic regeneration Stlth
                     l - ring "Xick" {Will+ MP+9 Str-5 SInv Stlth+}
HPRegen 0.42/turn    (no ring)
MPRegen 0.56/turn

%: no passive effects
@: berserking, glowing, very quick
A: horns 2, retaliatory headbutt
a: Renounce Religion, Divine Shield


You were on level 8 of the Dungeon.
You worshipped the Shining One.
The Shining One was pleased with you.
You visited 2 branches of the dungeon, and saw 9 of its levels.

You collected 1374 gold pieces.

Inventory:

Hand Weapons
 a - a +0 war axe (weapon)
 w - a +3 morningstar
Missiles
 o - a throwing net (quivered)
Armour
 b - a +0 scale mail (worn)
 c - a +0 buckler (worn)
 i - a +1 cloak (worn)
 k - a +0 pair of boots (worn)
Jewellery
 l - the ring "Xick" (left hand) {Will+ MP+9 Str-5 SInv Stlth+}
   (You found it on level 5 of the Dungeon)

   [ring of magical power]

   Str-5:     It affects your strength (-5).
   Will+:     It increases your willpower.
   MP+9:      It affects your magic capacity (+9).
   SInv:      It lets you see invisible.
   Stlth+:    It makes you more stealthy.
 n - an amulet of magic regeneration (around neck)
Wands
 j - a wand of flame (30)
 p - a wand of iceblast (5)
 q - a wand of paralysis (19)
Scrolls
 e - 8 scrolls of teleportation
 g - a scroll of blinking
 r - a scroll of fog
 t - 5 scrolls of identify
 u - a scroll of vulnerability
 v - 2 scrolls of summoning
 x - a scroll of silence {unknown}
Potions
 d - a potion of might
 f - 9 potions of curing
 s - a potion of haste


   Skills:
 + Level 8.5 Fighting
 * Level 11.1 Axes
 + Level 8.4 Armour
 + Level 6.5 Dodging
 + Level 8.2 Shields


You had 9 spell levels left.
You didn't know any spells.
Your spell library contained the following spells:

 Spells                   Type           Power      Damage    Failure   Level
 Apportation              Tloc           0%         N/A       86%         1
 Necrotise                Necr           0%         1d4       86%         1
 Slow                     Hex            0%         N/A       86%         1
 Jinxbite                 Hex            0%         N/A       94%         2
 Confusing Touch          Hex            0%         N/A       99%         3
 Hailstorm                Conj/Ice       0%         3d5       99%         3
 Inner Flame              Hex/Fire       0%         N/A       99%         3
 Sigil of Binding         Hex            0%         N/A       99%         3
 Summon Ice Beast         Ice/Summ       0%         N/A       99%         3
 Vampiric Draining        Necr           0%         2d6       99%         3
 Cause Fear               Hex            0%         N/A       100%        4
 Flame Wave               Conj/Fire      0%         2d4       100%        4
 Martyr's Knell           Necr/Summ      0%         N/A       100%        4
 Sticky Flame             Fire/Alch      0%         2d4       100%        4
 Alistair's Intoxication  Alch           0%         N/A       100%        5
 Curse of Agony           Necr           0%         N/A       100%        5
 Iskenderun's Battlesphe  Conj           0%         2d6       100%        5
 Bombard                  Conj/Erth      0%         9d1       100%        6
 Sculpt Simulacrum        Ice/Alch       0%         N/A       100%        6
 Spellforged Servitor     Conj/Summ      0%         N/A       100%        7


Dungeon Overview and Level Annotations

Branches:
Dungeon (8/15)             Temple (1/1) D:7
   Lair: D:8-11

Altars:
Ashenzari
Cheibriados
Dithmenos
Elyvilon
Fedhas
Gozag
Hepliaklqana
Kikubaaqudgha
Nemelex Xobeh
Okawaru
Qazlal
Ru
Sif Muna
Trog
Vehumet
Wu Jian
Xom
Yredelemnul
Zin
The Shining One

Shops:
D:6 :


Innate Abilities, Weirdness & Mutations

You have a pair of horns on your head.
You reflexively headbutt those who attack you in melee.


Message History

The steam dragon is almost dead.
The steam dragon bites you.
The steam dragon claws you but does no damage.
You barely miss the steam dragon.
The steam dragon is almost dead.
A basilisk comes into view.
The steam dragon breathes steam at you. The ball of steam hits you!
* * * LOW HITPOINT WARNING * * *
You hit the steam dragon but do no damage.
You headbutt the steam dragon.
You kill the steam dragon!
You are engulfed in a cloud of scalding steam.
A komodo dragon comes into view.
Your Axes skill increases to level 11!
The komodo dragon hisses menacingly.
You hit the komodo dragon.
The komodo dragon is lightly wounded.
The komodo dragon is engulfed in a cloud of scalding steam.
The komodo dragon bites you!
* * * LOW HITPOINT WARNING * * *
You feel much better.
The komodo dragon is engulfed in a cloud of scalding steam.
The komodo dragon bites you!!
* * * LOW HITPOINT WARNING * * *
A red film seems to cover your vision as you go berserk!
You feel yourself moving faster!
You feel mighty!
The komodo dragon is engulfed in a cloud of scalding steam.
The komodo dragon misses you. You furiously retaliate!
You headbutt the komodo dragon! You hit the komodo dragon.
The komodo dragon is severely wounded.
You slash the komodo dragon! You headbutt the komodo dragon.
You kill the komodo dragon!
You slash the basilisk!
The basilisk is moderately wounded.
You hit the basilisk. You headbutt the basilisk!
The basilisk is almost dead.
The basilisk bites you!
You die...

#...))).# #(....).#
######### .## ## #... #.
...).## #######
......†###### ####.##...
......†l@...####.###..###
.#.#.#........###....##
#.#.###.........## #.##..
########### ## ###


You could see a basilisk.

Vanquished Creatures
  A gargoyle (D:7)
  3 komodo dragons (D:8)
  5 yaks
  2 steam dragons (D:8)
  A water moccasin (D:5)
  An orc warrior (D:8)
  2 sky beasts
  2 black bears
  2 ogres
  3 ice beasts
  A centaur (D:8)
  A bullfrog (D:6)
  2 kobold brigands
  6 scorpions
  11 wights
  An electric eel (D:6)
  4 bombardier beetles
  4 hounds
  3 jellies (D:5)
  An orc priest (D:8)
  Crazy Yiuf (D:3)
  3 sleepcaps (D:6)
  Jessica (D:3)
  Terence (D:2)
  2 orc wizards
  4 iguanas
  Natasha (thrice) (D:2)
  7 adders
  3 shadow imps
  3 white imps
  2 ufetubi (D:7)
  3 dart slugs
  A ribbon worm (D:5)
  17 orcs
  6 bats
  4 endoplasms
  2 giant cockroaches
  7 goblins
  7 hobgoblins
  18 kobolds
  3 quokkas
  6 ball pythons
  A frilled lizard (D:2)
  3 rats
164 creatures vanquished.

Notes
Turn   | Place    | Note
-------+----------+-------------------------------------------
     0 | D:1      | inmateoo the Minotaur Fighter began the quest for the Orb.
     0 | D:1      | Reached XP level 1. HP: 19/19 MP: 0/0
   158 | D:1      | Reached XP level 2. HP: 23/27 MP: 1/1
   234 | D:1      | Reached skill level 3 in Axes
   877 | D:2      | Reached skill level 1 in Dodging
   877 | D:2      | Reached XP level 3. HP: 29/33 MP: 2/2
  1022 | D:2      | Noticed Natasha
  1028 | D:2      | Killed Natasha
  1251 | D:2      | Noticed Natasha
  1254 | D:2      | Noticed Terence
  1257 | D:2      | Killed Natasha
  1258 | D:2      | Reached XP level 4. HP: 29/40 MP: 3/3
  1262 | D:2      | Killed Terence
  1263 | D:2      | Reached skill level 4 in Axes
  1371 | D:2      | Noticed Natasha
  1378 | D:2      | Killed Natasha
  1379 | D:2      | Reached XP level 5. HP: 26/47 MP: 4/4
  1719 | D:2      | Identified a scroll of acquirement
  1719 | D:2      | Acquired 918 gold pieces
  1911 | D:3      | Found a white marble altar of Elyvilon.
  2077 | D:3      | Noticed Jessica
  2083 | D:3      | Killed Jessica
  2132 | D:3      | Found a snail-covered altar of Cheibriados.
  2182 | D:3      | Got Qeuxias's Directory of Star-crossed Erosion
  2272 | D:3      | Found a runed translucent door.
  2273 | D:3      | Noticed Crazy Yiuf
  2520 | D:3      | Killed Crazy Yiuf
  2891 | D:4      | Reached XP level 6. HP: 26/53 MP: 5/5
  3014 | D:4      | Reached skill level 5 in Axes
  3132 | D:4      | Reached skill level 5 in Fighting
  3132 | D:4      | Reached skill level 5 in Armour
  3351 | D:4      | Reached skill level 5 in Shields
  3351 | D:4      | Reached XP level 7. HP: 61/61 MP: 6/6
  3430 | D:5      | Entered Level 5 of the Dungeon
  3441 | D:5      | Reached skill level 6 in Axes
  3634 | D:5      | Identified the ring "Xick" {Will+ MP+9 Str-5 SInv Stlth+}
  3704 | D:5      | Reached skill level 7 in Axes
  3704 | D:5      | Reached XP level 8. HP: 58/70 MP: 7/7
  3840 | D:5      | Identified the +7 arbalest "Litilaaj" {drain, rElec rPois
                  | Str+3 Dex+2}
  4273 | D:6      | Reached skill level 8 in Axes
  4625 | D:6      | Reached XP level 9. HP: 53/79 MP: 8/8
  4633 | D:6      | Reached skill level 9 in Axes
  4633 | D:6      | Reached skill level 5 in Dodging
  4867 | D:6      | Found Meigiel's Tiny Tomes.
  5061 | D:6      | Found a hazy altar of Hepliaklqana.
  5469 | D:7      | Found a staircase to the Ecumenical Temple.
  5509 | Temple   | Entered the Ecumenical Temple
  5578 | Temple   | Became a worshipper of the Shining One
  5759 | D:7      | Reached * piety under the Shining One
  5766 | D:7      | Noticed a gargoyle
  5774 | D:7      | Killed a gargoyle
  5775 | D:7      | Reached skill level 10 in Axes
  6328 | D:8      | Reached XP level 10. HP: 85/88 MP: 9/9
  6783 | D:8      | Reached ** piety under the Shining One
  6785 | D:8      | Reached skill level 11 in Axes
  6792 | D:8      | Slain by a basilisk

Illustrated notes

Levels and vault maps discovered:
D:1:      tekkud_arrival_beachfront_property, layout_basic
D:2:      layout_basic, uniq_terence, uniq_natasha
D:3:      layout_loops_ring, cheibriados_altar_1, elyvilon_altar_1, hex_large,
          uniq_crazy_yiuf_cottage, uniq_jessica
D:4:      layout_gridville
D:5:      layout_rooms
D:6:      layout_rooms, mainiacjoe_overflow_concentric_impassable,
          nicolae_shop_i_like_small_books_too, fountainhead
D:7:      layout_rooms, minmay_temple_entry_sparse_star, nicolae_sextant
D:8:      layout_rooms, erik_lair_dragon
Temple:   minmay_temple_bridge_d

Skill      XL: |  1  2  3  4  5  6  7  8  9 10 |
---------------+-------------------------------+-----
Axes           | 3 4 5 7 8 10 11 | 11.1
Dodging        | 1 2 3 4 6 |  6.5
Fighting       | 4 5 7 8 |  8.5
Armour         | 4 5 6 7 8 |  8.4
Shields        | 4 5 6 7 8 |  8.2

Action                     |  1- 3 |  4- 6 |  7- 9 | 10-12 || total
---------------------------+-------+-------+-------+-------++-------
  Melee: War axe           |    87 |    89 |   310 |    45 ||   531
         Headbutt          |    10 |    13 |    64 |    18 ||   105
  Evoke: Wand              |       |       |     1 |       ||     1
    Use: Scroll            |     4 |     2 |    10 |     1 ||    17
         Potion            |       |       |       |     2 ||     2
 Armour: Scale mail        |    66 |    66 |   220 |    42 ||   394
  Dodge: Dodged            |    30 |    33 |   137 |    23 ||   223
  Block: Buckler           |    26 |    22 |    79 |    14 ||   141
